 Dungeon Crawl Stone Soup version 0.19-a0-854-gc78d25d (webtiles) character file.

115 Implojin the Chopper (level 4, -6/39 HPs)
             Began as a Minotaur Fighter on July 1, 2016.
             Mangled by an ogre
             ... wielding a cursed -2 giant spiked club
              (30 damage)
             ... on level 4 of the Dungeon.
             The game lasted 00:01:49 (362 turns).

Implojin the Chopper (Minotaur Fighter)              Turns: 362, Time: 00:01:50

Health: -6/39      AC:  6    Str: 26    XL:     4   Next: 68%
Magic:  3/3        EV:  7    Int:  5    God:
Gold:   42         SH: 10    Dex: 10    Spells: 0 memorised, 3 levels left

rFire  . . .     SeeInvis .     a - +0 war axe
rCold  . . .     Gourm    .     b - +0 scale mail
rNeg   . . .     Faith    .     c - +0 shield
rPois  .         Spirit   .     (helmet restricted)
rElec  .         Dismiss  .     (no cloak)
rCorr  .         Reflect  .     (no gloves)
SustAt .         Harm     .     (no boots)
MR     .....                    (no amulet)
Stlth  ..........               (no ring)
                                (no ring)

@: mighty, not resistant to hostile enchantments, extremely unstealthy
A: retaliatory headbutt, horns 2
a: no special abilities


You were on level 4 of the Dungeon.
You were not hungry.

You visited 1 branch of the dungeon, and saw 4 of its levels.

You collected 42 gold pieces.

Inventory:

Hand Weapons
 a - a +0 war axe (weapon)
Armour
 b - a +0 scale mail (worn)
 c - a +0 shield (worn)
Jewellery
 j - an uncursed amulet of faith {unknown}
Scrolls
 h - 2 scrolls of teleportation {unknown}
 i - a scroll of immolation {unknown}
 k - a scroll of remove curse {unknown}
Potions
 d - a potion of might
 e - a potion of magic {unknown}
 g - 2 potions of ambrosia {unknown}
Comestibles
 f - 3 bread rations
 l - a meat ration
 m - 2 chunks of flesh


   Skills:
 - Level 3.6 Fighting
 * Level 6.0 Axes
 - Level 3.6 Armour
 - Level 3.6 Shields


You had 3 spell levels left.
You didn't know any spells.

Dungeon Overview and Level Annotations

Branches:
Dungeon (4/15)
 Temple: D:4-7

Altars:

Annotations:
D:4 Grinder


Innate Abilities, Weirdness & Mutations

You reflexively headbutt those who attack you in melee.
You have a pair of horns on your head.


Message History

A giant cockroach comes into view.
Found a shield.
There is a stone staircase leading down here.
Unknown command.
You climb downwards.
You block the jackal skeleton's attack.
There is a stone staircase leading up here.
Unknown command.
You block the jackal skeleton's attack.
The jackal skeleton bites you but does no damage.
A ball python and Grinder come into view.
Grinder shouts!
The ball python hisses angrily.
Grinder moves out of view.
There is an open door here.
An ogre and a howler monkey come into view.
The howler monkey howls!
The ogre shouts!
The ogre moves out of view.
The jackal skeleton bites you but does no damage.
There is an escape hatch in the floor here.
Unknown command.
Okay, then.
The howler monkey hoots and howls with incredible vigour!
The jackal skeleton bites you but does no damage.
You feel very mighty all of a sudden. The jackal skeleton closely misses you.
Unknown command.
You slash the jackal skeleton!
You destroy the jackal skeleton!
The howler monkey closely misses you. You furiously retaliate!
You headbutt the howler monkey!
Unknown command.
You slice the howler monkey!!
You kill the howler monkey!
Your Axes skill increases to level 6!
Grinder gestures at you.
You barely resist.
Unknown command.
You swing at nothing.
The ogre hits you with a giant spiked club!!
Ouch! That really hurt!
You die...

###### ### .....####
... ....... .S .
.##.#.#.##### .h ..
.......<#... .# ..
#####.#.#.#####S#.###
.............@O5.....
#######.#.#.#...#.###
...........'>....#
#.#.#..##.#...###
#.#..##.#...# #
#..##.#...#
#..##.#...#
#..##.#...#
#..##.#...#


You could see Grinder, an ogre and a ball python.

Vanquished Creatures
  A howler monkey (D:4)
  An orc wizard (D:3)
  2 adders
  An ooze (D:2)
  A worm (D:2)
  A dart slug (D:1)
  4 orcs (D:3)
  2 bats
  A giant cockroach (D:1)
  A goblin (D:2)
  2 hobgoblins
  4 jackals (D:1)
  2 kobolds
  2 giant newts
  A jackal skeleton (D:4)
  A rat (D:1)
27 creatures vanquished.

Notes
Turn   | Place    | Note
-------+----------+-------------------------------------------
     0 | D:1      | Implojin the Minotaur Fighter began the quest for the Orb.
     0 | D:1      | Reached XP level 1. HP: 19/19 MP: 0/0
     9 | D:1      | Reached skill level 3 in Axes
    32 | D:1      | Reached XP level 2. HP: 22/26 MP: 1/1
   167 | D:1      | You fall through a shaft!
   198 | D:2      | Reached skill level 4 in Axes
   274 | D:2      | Reached XP level 3. HP: 26/31 MP: 2/2
   298 | D:3      | Reached skill level 5 in Axes
   298 | D:3      | Reached XP level 4. HP: 15/39 MP: 3/3
   355 | D:4      | Noticed Grinder
   356 | D:4      | Noticed an ogre
   361 | D:4      | Reached skill level 6 in Axes
   362 | D:4      | Mangled by an ogre

Vault maps used:
D:1:      sevenhm_arrival_forest_fort_large_4, minmay_fountain_box,
          hangedman_abyss_or_decor_stabs
D:2:      nicolae_overflow_crystal_walls, makhleb_heckhound_becter, uniq_sigmund
D:3:      uniq_iyjb
D:4:      first_bread, uniq_grinder

Skill      XL: |  1  2  3  4 |
---------------+-------------+-----
Axes           | 3 4 5 6 |  6.0
Fighting       | |  3.6
Armour         | |  3.6
Shields        | |  3.6

Action                   |  1- 3 |  4- 6 || total
-------------------------+-------+-------++-------
Melee: War axe           |    44 |     4 ||    48
       Headbutt          |     9 |       ||     9
  Use: Potion            |     1 |     1 ||     2
Armor: Scale mail        |    32 |     6 ||    38
Dodge: Dodged            |    12 |     2 ||    14
Block: Shield            |    38 |     3 ||    41

Table legend:
 A = Turns spent in this place as a percentage of turns spent in the entire game.
 B = Non-inter-level travel turns spent in this place as a percentage of non-inter-level travel turns spent in the entire game.
 C = Inter-level travel turns spent in this place as a percentage of turns spent in this place.
 D = Turns resting spent in this place as a percentage of non-inter-level travel turns spent in this place.
 E = Turns spent auto-exploring this place as a percentage of non-inter-level travel turns spent in this place.
 F = Non-inter-level travel turns spent in this place divided by the number of levels of this place that you've seen.
                   A       B       C       D       E      F
               +-------+-------+-------+-------+-------+----------------------
         Total | 100.0 | 100.0 |   0.0 |   0.0 |   0.0 |  95.2
       Dungeon | 100.0 | 100.0 |   0.0 |   0.0 |   0.0 |  95.2
               +-------+-------+-------+-------+-------+----------------------

Table legend:
 A = Kills in this place as a percentage of kills in entire the game.
 B = Kills by you in this place as a percentage of kills by you in the entire game.
 C = Kills by friends in this place as a percentage of kills by friends in the entire game.
 D = Other kills in this place as a percentage of other kills in the entire game.
 E = Experience gained in this place as a percentage of experience gained in the entire game.
 F = Experience gained in this place divided by the number of levels of this place that you have seen.
                   A       B       C       D       E      F
               +-------+-------+-------+-------+-------+----------------------
         Total | 100.0 | 100.0 |  -nan |  -nan | 100.0 |  41.2
       Dungeon | 100.0 | 100.0 |  -nan |  -nan | 100.0 |  41.2
               +-------+-------+-------+-------+-------+----------------------
